 Dungeon Crawl Stone Soup version 0.27.1-1-g398f81649c (webtiles) character file.

Game seed: 9840024017514713623

11 nxtlvl the Grave Robber (level 2, -2/23 HPs)
             Began as a Minotaur Necromancer on Sept 10, 2021.
             Slain by a goblin (3 damage)
             ... on level 3 of the Dungeon.
             The game lasted 00:01:56 (313 turns).

nxtlvl the Grave Robber (Minotaur Necromancer)       Turns: 313, Time: 00:01:56

Health: -2/23      AC:  3    Str: 12    XL:     2   Next: 13%
Magic:  3/3        EV: 11    Int: 12    God:
Gold:   21         SH:  0    Dex: 10    Spells: 2/3 levels left

rFire    . . .     SeeInvis .   a - +1 dagger (pain)
rCold    . . .     Faith    .   (no shield)
rNeg     . . .     Spirit   .   b - +0 leather armour
rPois    .         Reflect  .   (helmet restricted)
rElec    .         Harm     .   (no cloak)
rCorr    .         Rampage  .   (no gloves)
Will     .....                  (no boots)
Stlth    +.........             (no amulet)
HPRegen  0.07/turn              (no ring)
MPRegen  0.08/turn              (no ring)

@: no status effects
A: horns 2, retaliatory headbutt
a: no special abilities


You were on level 3 of the Dungeon.
You visited 1 branch of the dungeon, and saw 3 of its levels.

You collected 21 gold pieces.

Inventory:

Hand Weapons
 a - a +1 dagger of pain (weapon)
Armour
 b - a +0 leather armour (worn)
Scrolls
 c - a scroll of identify {unknown}
Potions
 d - a potion of heal wounds {unknown}


   Skills:
 + Level 1.4 Fighting
 + Level 2.7 Dodging
 - Level 1.5 Stealth
 - Level 1.3 Spellcasting
 - Level 2.9 Necromancy


You had 2 spell levels left.
You knew the following spells:

 Your Spells              Type           Power      Damage    Failure   Level
a - Pain                  Necr           28%        1d5       11%         1

Your spell library contained the following spells:

 Spells                   Type           Power      Damage    Failure   Level
 Animate Skeleton         Necr           14%        N/A       11%         1
 Static Discharge         Conj/Air       0%         N/A       50%         2
 Vampiric Draining        Necr           3%         2d6       32%         3
 Animate Dead             Necr           3%         N/A       73%         4
 Dispel Undead            Necr           7%         3d8       73%         4
 Agony                    Necr           7%         N/A       97%         5
 Sticky Flame             Conj/Fire      0%         2d3       98%         4


Dungeon Overview and Level Annotations

Branches:
Dungeon (3/15)

Altars:
Fedhas
Yredelemnul


Innate Abilities, Weirdness & Mutations

You have a pair of horns on your head.
You reflexively headbutt those who attack you in melee.


Message History

Found a stone staircase leading down.
You stumble into a teleport trap!
You are suddenly yanked towards a nearby monster!
Your surroundings suddenly seem different.
A kobold comes into view. It is wielding a +1 dagger of pain.
The kobold shouts!
You miss the kobold. The kobold completely misses you. You furiously retaliate!
You headbutt the kobold, but do no damage.
You hit the kobold.
The kobold is heavily wounded.
The kobold hits you with a +1 dagger of pain.
* * * LOW HITPOINT WARNING * * *
You writhe in agony.
* * * LOW HITPOINT WARNING * * *
You hit the kobold but do no damage. You headbutt the kobold.
You kill the kobold!
c - a scroll labelled KIASSU NASMAIM
Things that are here:
a +1 dagger of pain; 5 stones; a kobold corpse
d - a +1 dagger of pain Adjust (i)tems, (s)pells, or (a)bilities?
d - a +1 dagger of pain Adjust to which letter? (? for menu, Esc to quit)
a - a +1 dagger of pain;
d - a sedimented puce potion Pain shudders through your arm!
a - a +1 dagger of pain (weapon)
A bat comes into view.
You hit the bat.
The bat writhes in agony.
You kill the bat!
A goblin comes into view. It is wielding a +0 club.
You can't go up here!
The goblin shouts!
You completely miss the goblin. Your headbutt misses the goblin.
The goblin hits you with a +0 club.
* * * LOW HITPOINT WARNING * * *
You closely miss the goblin. The goblin hits you with a +0 club.
* * * LOW HITPOINT WARNING * * *
You closely miss the goblin. The goblin hits you but does no damage.
You closely miss the goblin. The goblin barely misses you.
You miss the goblin. The goblin hits you with a +0 club.
You die...

...........# #.# #####
#.........# #.# #...#
###.........####.######...#
......####.##....#...##...#
#...(.............#...#
#####.................#
#.................#
#.#........>......#
#.#...g@......#...# #.#
##.#.#....#...##...#
...######..#.##..########.##
#.##............##........#
.............).###.########
#.#?#........#.##..#
....#......###.#####
#.#.†.....##≈#'#≈#
....#.....##_..._#


You could see a goblin.

Vanquished Creatures
  An endoplasm (D:3)
  A giant cockroach (D:3)
  2 goblins (D:3)
  A kobold (D:3)
  2 quokkas (D:3)
  A bat (D:3)
  A frilled lizard (D:3)
9 creatures vanquished.

Notes
Turn   | Place    | Note
-------+----------+-------------------------------------------
     0 | D:1      | nxtlvl the Minotaur Necromancer began the quest for the
                  | Orb.
     0 | D:1      | Reached XP level 1. HP: 14/14 MP: 1/1
   189 | D:3      | Reached skill level 1 in Fighting
   193 | D:3      | Found a basalt altar of Yredelemnul.
   193 | D:3      | Found a blossoming altar of Fedhas.
   238 | D:3      | Reached XP level 2. HP: 4/23 MP: 3/3
   310 | D:3      | HP: 1/23 [goblin (2)]
   313 | D:3      | Slain by a goblin

Illustrated notes

Levels and vault maps discovered:
D:1:      lightli_arrival_flooded_house, layout_rooms
D:2:      layout_loops_ring, serial_rivers, chequers_serial_rivers_small_3,
          chequers_serial_rivers_micro_d, chequers_serial_rivers_large_a,
          chequers_serial_rivers_room_b, chequers_serial_rivers_large_b,
          chequers_serial_rivers_small_b, uniq_crazy_yiuf_cottage, uniq_sigmund
D:3:      layout_rooms, gammafunk_temple_overflow_elements, st_stairs_10

Skill      XL: |  1 |
---------------+----+-----
Fighting       | 1 |  1.4
Dodging        | |  2.7
Stealth        | |  1.5
Spellcasting   | |  1.3
Necromancy     | |  2.9

Action                   || total
-------------------------++-------
Melee: Unarmed           ||    29
       Headbutt          ||     9
       Dagger            ||     6
Armor: Leather armour    ||     7
Dodge: Dodged            ||    17
